 Dungeon Crawl Stone Soup version 0.31-a0-726-g3c93526463 (webtiles) character file.

Game seed: 2130146576958538038

2041 Ijustatesigmund the Magician (level 9, -3/52 HPs)
             Began as a Deep Elf Fire Elementalist on Sept 11, 2023.
             Killed from afar by an orc wizard (5 damage)
             ... with a magic dart
             ... on level 7 of the Dungeon.
             The game lasted 00:17:25 (8712 turns).

Ijustatesigmund the Magician (DEFE)                 Turns: 8712, Time: 00:17:26

Health: -3/52      AC:  3    Str:  5    XL:     9   Next: 4%
Magic:  10/22      EV: 11    Int: 25    God:
Gold:   432        SH:  7    Dex: 15    Spells: 13/23 levels left

rFire   . . .        e - +1 short sword
rCold   . . .        f - +2 buckler
rNeg    . . .        a - +0 robe
rPois   .            (no helmet)
rElec   .            h - +0 cloak
rCorr   .            (no gloves)
SInv    .            (no boots)
Will    .....        c - amulet of the acrobat
Stlth   ++           (no ring)
HPRegen 0.28/turn    (no ring)
MPRegen 0.18/turn

%: acrobat
@: no status effects
A: no striking features
a: no special abilities


You were on level 7 of the Dungeon.
You visited 1 branch of the dungeon, and saw 7 of its levels.

You collected 432 gold pieces.

Inventory:

Hand Weapons
 e - a +1 short sword (weapon)
Armour
 a - a +0 robe (worn)
 f - a +2 buckler (worn)
 h - a +0 cloak (worn)
Jewellery
 c - an amulet of the acrobat (around neck)
 j - a +6 ring of strength
Talismans
 d - a dragon-blood talisman
Wands
 k - a wand of mindburst (8)
Scrolls
 m - a scroll of poison
 p - a scroll of identify
 q - a scroll of teleportation
 r - a scroll of silence {unknown}
 s - a scroll of enchant armour {unknown}
Potions
 b - a potion of magic
 g - a potion of brilliance
 n - a potion of curing
 o - a potion of mutation


   Skills:
 - Level 4.0 Fighting
 - Level 2.4 Dodging
 - Level 2.4 Stealth
 + Level 2.6 Shields
 - Level 7.7 Spellcasting
 - Level 5.9 Conjurations
 - Level 6.7 Fire Magic
 + Level 3.5 Ice Magic
 + Level 0.5 Evocations


You had 13 spell levels left.
You knew the following spells:

 Your Spells              Type           Power      Damage    Failure   Level
a - Foxfire               Conj/Fire      100%       2x1d9     1%          1
b - Scorch                Fire           86%        2d8       1%          2
c - Flame Wave            Conj/Fire      41%        2d11      9%          4
d - Frozen Ramparts       Ice            54%        1d9       8%          3

Your spell library contained the following spells:

 Spells                   Type           Power      Damage    Failure   Level
 Magic Dart               Conj           100%       1d8       1%          1
 Searing Ray              Conj           78%        2d7       1%          2
 Freeze                   Ice            100%       1d10      2%          1
 Hailstorm                Conj/Ice       33%        3d8       4%          3
 Inner Flame              Hex/Fire       26%        N/A       9%          3
 Volatile Blastmotes      Fire/Tloc      52%        2d14      9%          3
 Dazzling Flash           Conj/Hex       48%        N/A       10%         3
 Stone Arrow              Conj/Erth      48%        3d10      10%         3
 Sublimation of Blood     Necr           9%         N/A       17%         2
 Wereblood                Tmut           9%         N/A       17%         2
 Gell's Gravitas          Tloc           9%         N/A       32%         3
 Teleport Other           Tloc           9%         N/A       32%         3
 Fulminant Prism          Conj/Hex       12%        3d8       32%         4
 Animate Armour           Summ/Erth      18%        N/A       73%         4
 Starburst                Conj/Fire      20%        6d7       77%         6
 Dispersal                Tloc           4%         N/A       100%        6
 Summon Hydra             Summ           4%         N/A       100%        7
 Lehudib's Crystal Spear  Conj/Erth      12%        10d4      100%        8
 Maxwell's Capacitive Co  Air            4%         ∞         100%        8


Dungeon Overview and Level Annotations

Branches:
Dungeon (7/15)             Temple (0/1) D:7

Altars:

Shops:
D:1 =

Portals:
Bailey: D:7

Annotations:
D:7 Joseph


Message History

Joseph shoots a sling bullet.
The sling bullet hits you!
A wave of flame ripples out!
The flame wave engulfs Joseph!
Joseph is lightly wounded.
A goblin comes into view. It is wielding a +0 spear. x2
Joseph shoots a sling bullet.
The sling bullet hits you!
A wave of flame ripples out!
The flame wave engulfs Joseph.
Joseph is moderately wounded.
You finish channelling waves of flame.
You hear a shout! x5
Casting: Flame Wave (dangerous; 9% risk of failure)
Confirm with . or Enter, or press ? or * to list all spells.
Casting: Flame Wave (dangerous; 9% risk of failure)
Press: ? - help, Dir - look around, f - activate A wave of flame ripples out!
The flame wave engulfs Joseph.
Joseph is moderately wounded. (Press . to intensify the flame waves.) Joseph unwields a +0 sling.
Joseph wields a +0 quarterstaff.
Joseph closely misses you.
A wave of flame ripples out!
The flame wave engulfs Joseph!
Joseph is heavily wounded.
Joseph hits you with a +0 quarterstaff!
* * * LOW HITPOINT WARNING * * *
A wave of flame ripples out!
The flame wave engulfs Joseph!
Joseph is severely wounded.
The flame wave engulfs the goblin!
You kill the goblin!
You finish channelling waves of flame.
You block Joseph's attack.
Aiming: Mindburst
Press: ? - help, Shift-Dir - straight line, f - Joseph
Aim: Joseph, wielding a +0 quarterstaff and wearing a +0 leather armour (severely wounded, chance to affect: 49%) Joseph resists with some effort.
Joseph hits you with a +0 quarterstaff!
* * * LOW HITPOINT WARNING * * *
Aiming: Mindburst
Press: ? - help, Shift-Dir - straight line, f/p - Joseph
Aim: Joseph, wielding a +0 quarterstaff and wearing a +0 leather armour (severely wounded, chance to affect: 49%) Joseph's mind is blasted!
An orc comes into view. It is wielding a +0 hand axe.
The orc wizard gestures at you while chanting.
The magic dart hits you.
You die...

###..o.........* *,,,,,
###.....###.##.***,,,,,
#######.###.##.,**,,,,,
#######o###....,,,,,,,,
###.###...#####**,,****
**#####.#####.##### *,,,,**
*,...g.....<#.##### **,,,,,
*,......##@.#.#####******,*
*,......##@.#......,,,***,*
**#####.)...#......,,,,,,,*
###.##o.+O.....**,**,,,
###..g###.....#*,,,**,*
##..#o###....$#,,,*,*,*
#....g....o....,*,*,,,*
*,~≈~≈~,,,,,,,*,*,,,*,*
*,~...~,,,,**,**,,,**,*
*,~,∩,~,,,,**,,**,**,,*


You could see Joseph, an orc wizard, an orc and 2 goblins.

Vanquished Creatures
  Pikel (D:4)
  Sigmund (D:3)
  Duvessa (D:5)
  2 black bears
  An ogre (D:5)
  3 lemures (D:4)
  Blork the orc (D:4)
  A bullfrog (D:6)
  A scorpion (D:5)
  Dowan (D:5)
  4 killer bees (D:6)
  A howler monkey (D:6)
  2 hounds
  An orc priest (D:5)
  A gnoll bouda (D:6)
  A sleepcap (D:4)
  4 iguanas
  Robin (D:4)
  13 gnolls
  4 adders
  2 shadow imps
  3 ufetubi
  2 worms
  A dart slug (D:1)
  6 orcs
  9 ball pythons
  6 bats
  14 endoplasms
  4 giant cockroaches
  15 goblins
  7 hobgoblins
  2 jackals (D:1)
  4 quokkas
  4 frilled lizards
  7 kobolds
  8 rats
139 creatures vanquished.

Vanquished Creatures (collateral kills)
  An ogre (D:4)
1 creature vanquished.

Vanquished Creatures (others)
  296 foxfires
296 creatures vanquished.

Grand Total: 436 creatures vanquished

Notes
Turn   | Place    | Note
-------+----------+-------------------------------------------
     0 | D:1      | Ijustatesigmund the Deep Elf Fire Elementalist began the
                  | quest for the Orb.
     0 | D:1      | Reached XP level 1. HP: 10/10 MP: 6/6
   244 | D:1      | Reached XP level 2. HP: 15/15 MP: 6/8
   524 | D:1      | Learned a level 2 spell: Scorch
   704 | D:1      | Found a faded altar of an unknown god.
  1033 | D:1      | Found Namemula's One-of-a-Kind Rings.
  1121 | D:1      | Reached XP level 3. HP: 19/19 MP: 8/10
  1625 | D:1      | Reached skill level 4 in Spellcasting
  2411 | D:2      | Reached XP level 4. HP: 24/24 MP: 6/12
  2548 | D:2      | Learned a level 4 spell: Flame Wave
  3227 | D:3      | Noticed Sigmund
  3346 | D:3      | Killed Sigmund
  3347 | D:3      | Reached skill level 1 in Fighting
  3347 | D:3      | Reached skill level 5 in Spellcasting
  3347 | D:3      | Reached XP level 5. HP: 22/30 MP: 4/14
  4128 | D:4      | Reached XP level 6. HP: 35/35 MP: 7/15
  4190 | D:4      | Noticed Blork the orc
  4209 | D:4      | Killed Blork the orc
  4572 | D:4      | Reached skill level 5 in Fire Magic
  4945 | D:4      | Noticed Robin
  4961 | D:4      | Killed Robin
  5159 | D:4      | Noticed Pikel
  5182 | D:4      | Killed Pikel
  5183 | D:4      | Reached skill level 6 in Spellcasting
  5183 | D:4      | Reached skill level 5 in Conjurations
  5183 | D:4      | Reached XP level 7. HP: 29/41 MP: 12/19
  5445 | D:5      | Entered Level 5 of the Dungeon
  5461 | D:4      | Reached XP level 8. HP: 46/46 MP: 17/20
  5526 | D:5      | Noticed Dowan
  5853 | D:5      | Reached skill level 7 in Spellcasting
  5934 | D:5      | Identified the +0 cloak of Circular Logic {rC+ Str+4
                  | Slay-4}
  6343 | D:5      | Noticed Duvessa
  6378 | D:5      | Killed Dowan
  6384 | D:5      | Killed Duvessa
  6942 | D:6      | Learned a level 3 spell: Frozen Ramparts
  7170 | D:6      | Reached skill level 1 in Ice Magic
  7216 | D:6      | Reached skill level 1 in Shields
  8058 | D:6      | Reached XP level 9. HP: 52/52 MP: 13/22
  8563 | D:7      | Noticed Joseph
  8711 | D:7      | HP: 2/52 [Joseph/+0 quarterstaff (11)]
  8712 | D:7      | Killed from afar by an orc wizard

Illustrated notes

Levels and vault maps discovered:
D:1:      scummos_arrival_simple_fountains, layout_basic,
          hellmonk_ecumenical_altar_dog_temple, nicolae_shop_unique_rings,
          due_unseen_surprise
D:2:      layout_loops_corners, st_stairs_9
D:3:      layout_loops_ring, minmay_diced_spiral, uniq_sigmund
D:4:      layout_rooms, uniq_pikel, uniq_blork_the_orc, uniq_robin
D:5:      layout_basic, minmay_misc_feat_nine_boxes, minmay_misc_feat_pillars,
          uniq_duvessa
D:6:      layout_loops_ring
D:7:      layout_basic, nicolae_qazlal_general_emergency,
          gammafunk_temple_overflow_pools, minmay_temple_entry_arrows,
          serial_shops, shop, enter_bailey_5, minmay_manual_mares, uniq_joseph

Skill      XL: |  1  2  3  4  5  6  7  8 |
---------------+-------------------------+-----
Conjurations   | 2 3 5 |  5.9
Spellcasting   | 4 5 6 7 |  7.7
Fire Magic     | 4 5 6 |  6.7
Fighting       | 1 3 4 |  4.0
Ice Magic      | 3 |  3.5
Shields        | 2 |  2.6
Dodging        | |  2.4
Stealth        | |  2.4
Evocations     | |  0.5

Action                     |  1- 3 |  4- 6 |  7- 9 || total
---------------------------+-------+-------+-------++-------
  Melee: Mace              |     4 |       |       ||     4
         Short sword       |     1 |     4 |     8 ||    13
   Cast: Foxfire           |    80 |    71 |    39 ||   190
         Scorch            |     8 |    22 |    27 ||    57
         Flame Wave        |       |     6 |    13 ||    19
  Evoke: Wand              |       |       |     2 ||     2
    Use: Scroll            |     1 |     3 |     9 ||    13
         Potion            |       |     2 |     3 ||     5
   Stab: Sleeping          |       |     1 |       ||     1
 Armour: Robe              |    18 |    23 |    32 ||    73
  Dodge: Dodged            |    66 |    55 |    46 ||   167
  Block: Buckler           |       |       |     2 ||     2

Table legend: (Time is in decaauts)
 A = Elapsed time spent in this place.
 B = Non-inter-level travel time spent in this place.
 C = Inter-level travel time spent in this place.
 D = Time resting spent in this place.
 E = Time spent auto-exploring this place.
 F = Levels seen in this place.
 G = Mean time per level.
                   A        B        C        D        E       F      G
               +--------+--------+--------+--------+--------+-----+--------+
         Total |   8718 |   8464 |    254 |   2978 |   4373 |   7 | 1245.4 |
       Dungeon |   8718 |   8464 |    254 |   2978 |   4373 |   7 | 1245.4 |
               +--------+--------+--------+--------+--------+-----+--------+

Top non-repeatable levels by time:
     D:4: 1588 daAuts
     D:6: 1563 daAuts
     D:1: 1534 daAuts
     D:5: 1436 daAuts
     D:2: 1346 daAuts
     D:3: 1221 daAuts
     D:7: 27 daAuts
